 Dungeon Crawl Stone Soup version 0.20.1-1-g8b1a95d (webtiles) character file.

1883 Jukra the Cleaver (level 8, -4/111 HPs)
             Began as a Minotaur Berserker on Sept 4, 2017.
             Was a Priest of Trog.
             Slain by a human
             ... wielding a +0 hand axe
              (7 damage)
             ... on level 7 of the Dungeon.
             The game lasted 00:17:26 (3355 turns).

Jukra the Cleaver (Minotaur Berserker)              Turns: 3355, Time: 00:17:26

Health: -4/111     AC: 15    Str: 28    XL:     8   Next: 92%
Magic:  7/7        EV: 10    Int:  4    God:    Trog [***...]
Gold:   257        SH:  0    Dex: 11    Spells: 7/7 levels left

rFire    + . .     SeeInvis .   C - +0 battleaxe
rCold    x . .     Gourm    .   (shield currently unavailable)
rNeg     . . .     Faith    .   t - +0 chain mail
rPois    .         Spirit   .   (helmet restricted)
rElec    .         Reflect  .   v - +0 cloak
rCorr    .         Harm     .   g - +2 pair of gloves
MR       +....                  q - +0 pair of boots
Stlth    ..........             (no amulet)
Regen    0.3/turn               d - ring of fire
MPRegen  0.1/turn               A - ring of protection from magic

@: berserking (expiring), very quick
A: retaliatory headbutt, horns 2
a: Berserk, Trog's Hand, Burn Spellbooks, Renounce Religion


You were on level 7 of the Dungeon.
You worshipped Trog.
Trog was most pleased with you.
You were not hungry.

You visited 1 branch of the dungeon, and saw 5 of its levels.

You collected 305 gold pieces.
You spent 48 gold pieces at shops.

Inventory:

Hand Weapons
 f - a +1 spear of distortion
 z - a +3 shortbow
 C - a +0 battleaxe (weapon)
Missiles
 D - 60 arrows
Armour
 g - a +2 pair of gloves (worn)
 q - a +0 pair of boots (worn)
 t - a +0 chain mail (worn)
 v - a +0 cloak (worn)
Jewellery
 d - a ring of fire (left hand)
 r - an uncursed ring of stealth
 A - a ring of protection from magic (right hand)
Wands
 l - a wand of lightning (9/15)
Scrolls
 b - a scroll of recharging
 h - a scroll of magic mapping
 j - 4 scrolls of teleportation
 k - a scroll of silence {unknown}
 s - 3 scrolls of identify
Potions
 i - 2 potions of haste
 o - 2 potions of lignification {unknown}
 p - 2 potions of curing
 x - a potion of experience {unknown}
 H - a potion of agility
Comestibles
 a - a royal jelly
 c - 2 bread rations
 w - a meat ration


   Skills:
 * Level 7.8 Fighting
 * Level 10.5(10.6) Axes
 - Level 2.1(7.0) Polearms
 * Level 6.0 Armour
 + Level 3.1 Dodging


You had 7 spell levels left.
You didn't know any spells.

Dungeon Overview and Level Annotations

Branches:
Dungeon (4/15)
 Temple: D:4-7

Altars:
Fedhas
Yredelemnul
The Shining One

Shops:
D:7 ?


Innate Abilities, Weirdness & Mutations

You reflexively headbutt those who attack you in melee.
You have a pair of horns on your head.


Message History

The hog bites you!
* * * LOW HITPOINT WARNING * * *
Your chain mail prevents you from hitting the hog.
The hog is severely wounded.
The hog bites you.
* * * LOW HITPOINT WARNING * * *
You slash the hog!
You kill the hog!
Trog accepts your kill.
Your chain mail prevents you from hitting the hog.
The hog bites you.
* * * LOW HITPOINT WARNING * * *
Your chain mail prevents you from hitting the hog.
The hog closely misses you.
You carve the hog like the proverbial ham!!!
You kill the hog!
Trog accepts your kill.
Your Armour skill increases to level 6!
The human hits you with a hand axe!
You die...

### ##.#######
#..'...%%# #p.#....%#
#@####'### #.##.....#
############..#.....#
##............########
#..############ #....##
#.##
############...########
#.#
#?##...................
#.#
#..#.≈≈≈≈.≈≈≈≈≈.#######
#.# #....≈≈≈≈.≈≈≈≈≈.#


You could see a human.

Vanquished Creatures
  Joseph (D:7)
  4 hogs (D:7)
  An orc warrior (D:7)
  A sky beast (D:4)
  A phantom (D:7)
  An ogre (D:7)
  2 centaurs (D:7)
  2 howler monkeys
  An electric eel (D:7)
  A hound (D:7)
  A bullfrog skeleton (D:4)
  A quasit (D:7)
  An orc priest (D:4)
  A centaur skeleton (D:7)
  An orc wizard (D:4)
  Natasha (thrice) (D:3)
  6 adders
  A shadow imp (D:7)
  An ooze (D:4)
  An adder skeleton (D:4)
  An adder zombie (D:7)
  3 worms
  2 dart slugs
  2 leopard geckos
  8 orcs
  7 bats
  2 giant cockroaches
  4 goblins
  5 hobgoblins
  A jackal (D:1)
  4 kobolds
  5 frilled lizards
  A jackal skeleton (D:4)
  3 rats
  A spectral orc (D:2)
81 creatures vanquished.

Notes
Turn   | Place    | Note
-------+----------+-------------------------------------------
     0 | D:1      | Jukra the Minotaur Berserker began the quest for the Orb.
     0 | D:1      | Reached XP level 1. HP: 19/19 MP: 0/0
   120 | D:1      | Found a glowing golden altar of the Shining One.
   200 | D:1      | Reached XP level 2. HP: 27/27 MP: 1/1
   790 | D:2      | Reached XP level 3. HP: 34/34 MP: 2/2
  1170 | D:2      | Reached ** piety under Trog
  1170 | D:2      | Reached skill level 1 in Polearms
  1198 | D:2      | Found a basalt altar of Yredelemnul.
  1398 | D:3      | Noticed Natasha
  1415 | D:3      | Killed Natasha
  1415 | D:3      | Reached XP level 4. HP: 35/41 MP: 3/3
  1446 | D:3      | Noticed Natasha
  1460 | D:3      | Killed Natasha
  1460 | D:3      | Reached skill level 5 in Fighting
  1630 | D:3      | Reached skill level 4 in Axes
  1630 | D:3      | Reached XP level 5. HP: 48/48 MP: 4/4
  1632 | D:3      | Noticed Natasha
  1640 | D:3      | Killed Natasha
  1816 | D:3      | Found a faded altar of an unknown god.
  2135 | D:3      | Found a blossoming altar of Fedhas.
  2414 | D:4      | Reached XP level 6. HP: 56/56 MP: 5/5
  2416 | D:4      | Reached skill level 5 in Axes
  2567 | D:4      | Noticed a sky beast
  2578 | D:4      | Killed a sky beast
  2585 | D:4      | Got a transparent buckler
  2589 | D:4      | Identified the +1 buckler "Xuaska" {MP+9} (You found it on level 4 of the Dungeon)
  2610 | D:4      | You fall through a shaft for 3 floors!
  2610 | D:7      | Found Rayjusk's Magic Scroll Shop.
  2611 | D:7      | Noticed an orc warrior
  2616 | D:7      | Reached skill level 6 in Axes
  2621 | D:7      | Reached XP level 7. HP: 52/63 MP: 6/6
  2649 | D:7      | Bought a scroll of remove curse for 48 gold pieces
  2854 | D:7      | Reached skill level 7 in Axes
  3007 | D:7      | Reached *** piety under Trog
  3038 | D:7      | Reached skill level 8 in Axes
  3048 | D:7      | Reached XP level 8. HP: 38/71 MP: 7/7
  3268 | D:7      | Noticed Joseph
  3279 | D:7      | Killed Joseph
  3279 | D:7      | Reached skill level 9 in Axes
  3279 | D:7      | Reached skill level 5 in Armour
  3347 | D:7      | Reached skill level 10 in Axes
  3349 | D:7      | HP: 4/109 [hog (9)]
  3355 | D:7      | Slain by a human

Skill      XL: |  1  2  3  4  5  6  7  8 |
---------------+-------------------------+-----
Fighting       | 4 5 6 7 |  7.8
Polearms       | 1 2 |  2.1
Armour         | 3 4 6 |  6.0
Axes           | 4 6 8 10 | 10.5
Dodging        | 3 |  3.1

Action                   |  1- 3 |  4- 6 |  7- 9 || total
-------------------------+-------+-------+-------++-------
Melee: Hand axe          |     6 |    91 |    10 ||   107
       Spear             |    77 |    19 |       ||    96
       Headbutt          |    18 |    12 |    17 ||    47
       Battleaxe         |       |       |    50 ||    50
Invok: Berserk           |       |     1 |     2 ||     3
       Burn Spellbooks   |       |       |     1 ||     1
  Use: Scroll            |     2 |     8 |     1 ||    11
       Potion            |       |     6 |       ||     6
  Eat: Chunk             |     1 |     5 |     1 ||     7
       Royal jelly       |       |       |     2 ||     2
       Fruit             |       |       |     1 ||     1
Armor: Animal skin       |     8 |       |       ||     8
       Chain mail        |    23 |    50 |    37 ||   110
Dodge: Dodged            |    37 |    47 |    45 ||   129
